 Dungeon Crawl Stone Soup version 0.17-a0-1591-g7a45446 (webtiles) character file.

357 karlkraus the Covered (level 6, 0/56 HPs)
             Began as a Minotaur Fighter on July 30, 2015.
             Slain by a river rat (2 damage)
             ... in a sewer.
             The game lasted 00:05:43 (2395 turns).

karlkraus the Covered (Minotaur Fighter)            Turns: 2395, Time: 00:05:44

Health: 0/56       AC:  9    Str: 23    XL:     6   Next: 37%
Magic:  5/5        EV:  8    Int:  5    God:
Gold:   177        SH: 10    Dex:  9    Spells: 0 memorised, 5 levels left

rFire  . . .     SeeInvis .     a - +0 flail
rCold  . . .     Clarity  .     b - +0 scale mail
rNeg   . . .     SustAt   .     c - +0 shield
rPois  .         Gourm    .     (helmet restricted)
rElec  .         Spirit   .     d - +0 cloak
rCorr  .         Warding  .     m - +0 pair of gloves
rMut   .         Stasis   .     (no boots)
MR     .....                    (no amulet)
Stlth  ..........               (no ring)
                                (no ring)

@: not resistant to hostile enchantments, extremely unstealthy
A: retaliatory headbutt, horns 2
a: no special abilities


You were in a sewer.
You were not hungry.

You visited 1 branch of the dungeon, and saw 3 of its levels.
You also visited: Sewer.

You collected 177 gold pieces.

Inventory:

Hand weapons
 a - a +0 flail (weapon)
Armour
 b - a +0 scale mail (worn)
 c - a +0 shield (worn)
 d - a +0 cloak (worn)
 m - a +0 pair of gloves (worn)
Jewellery
 v - a +4 ring of evasion {unknown}
Scrolls
 g - a scroll of enchant armour {unknown}
 h - 4 scrolls of identify {unknown}
 i - a scroll of immolation {unknown}
 j - a scroll of magic mapping {unknown}
 k - 3 scrolls of noise {unknown}
 l - a scroll of teleportation {unknown}
 o - a scroll of recharging {unknown}
 q - a scroll of remove curse {unknown}
 s - a scroll of fog {unknown}
 t - a scroll of amnesia {unknown}
Potions
 n - 2 potions of curing {unknown}
 p - a potion of resistance {unknown}
 r - a potion of cancellation {unknown}
 u - a potion of agility {unknown}
 w - a potion of brilliance {unknown}
 x - a potion of haste {unknown}
 z - 2 potions of might
Comestibles
 e - 2 bread rations
 f - 2 beef jerkies


   Skills:
 + Level 5.2 Fighting
 + Level 4.0 Maces & Flails
 + Level 5.2 Armour
 + Level 2.5 Dodging
 + Level 5.0 Shields


You had 5 spell levels left.
You didn't know any spells.

Dungeon Overview and Level Annotations

Branches:
Dungeon (3/15)

Altars:
Okawaru
Qazlal
Vehumet
Zin


Innate Abilities, Weirdness & Mutations

You reflexively headbutt those who attack you in melee.
You have a pair of horns on your head.


Message History

You block the river rat's attack. The river rat barely misses you.
The river rat bites you but does no damage.
The rat closely misses you. The river rat bites you.
You block the river rat's attack.
The river rat bites you but does no damage.
Your unstable footing causes you to fumble your attack.
You block the river rat's attack. You block the rat's attack.
The river rat bites you but does no damage.
The rat bites you but does no damage. You block the river rat's attack.
The river rat completely misses you. You furiously retaliate!
You headbutt the river rat. The river rat closely misses you.
Your scale mail prevents you from hitting the rat.
The rat bites you but does no damage. The river rat bites you!
* * * LOW HITPOINT WARNING * * *
The rat splashes around in the water.
The river rat bites you.
* * * LOW HITPOINT WARNING * * *
The river rat bites you!
* * * LOW HITPOINT WARNING * * *
The river rat bites you.
You die...

.
#####################..
##.≈≈≈≈≈≈≈≈≈≈.≈≈≈≈≈≈≈...
...≈≈≈≈≈≈≈≈≈≈≈.rrrr≈....
...≈≈≈≈≈≈≈≈≈.(≈≈@r≈≈≈...
...≈≈≈≈≈≈≈≈.≈).≈rr≈≈≈...
....≈≈≈≈≈≈≈≈≈.≈≈≈≈≈≈≈...
...≈≈≈≈≈≈≈≈≈≈.≈≈≈≈≈≈..##
..#####################
.#### .'..# ##..# #####


You could see 4 river rats and 3 rats.

Vanquished Creatures
  The ghost of volk64 the Ducker, an average OpFi (D:3)
  Crazy Yiuf (D:3)
  9 adders
  5 river rats
  3 worms
  3 giant geckos
  An orc (D:3)
  4 ball pythons
  6 bats
  7 hobgoblins
  3 jackals (D:2)
  5 kobolds
  5 giant cockroaches
  6 giant newts
  5 goblins
  21 rats
85 creatures vanquished.

Notes
Turn   | Place    | Note
--------------------------------------------------------------
     0 | D:1      | karlkraus the Minotaur Fighter began the quest for the Orb.
     0 | D:1      | Reached XP level 1. HP: 19/19 MP: 0/0
   224 | D:1      | Reached XP level 2. HP: 27/27 MP: 1/1
   538 | D:2      | Reached skill level 4 in Fighting
   581 | D:2      | Reached XP level 3. HP: 33/33 MP: 2/2
   966 | D:2      | Found a stormy altar of Qazlal.
  1105 | D:2      | Reached XP level 4. HP: 29/40 MP: 3/3
  1218 | D:2      | Noticed an angel
  1219 | D:2      | Found a glowing silver altar of Zin.
  1466 | D:3      | Found an iron altar of Okawaru.
  1528 | D:3      | Found a radiant altar of Vehumet.
  1673 | D:3      | Noticed volk64's ghost (average OpFi)
  1689 | D:3      | Killed volk64's ghost
  1689 | D:3      | Reached XP level 5. HP: 37/47 MP: 4/4
  1749 | D:3      | Noticed Crazy Yiuf
  1755 | D:3      | Killed Crazy Yiuf
  1755 | D:3      | Reached skill level 5 in Fighting
  2015 | D:3      | Reached XP level 6. HP: 50/56 MP: 5/5
  2075 | D:3      | Reached skill level 5 in Armour
  2094 | D:3      | Found a glowing drain.
  2110 | Sewer    | Entered a sewer
  2325 | Sewer    | Reached skill level 5 in Shields
  2395 | Sewer    | HP: 2/56 [river rat (8)]
  2395 | Sewer    | Slain by a river rat

Vault maps used:
D:1:      onia_arrival_mini_spirals
D:2:      zin_angel, nicolae_qazlal_general_emergency
D:3:      vehumet_crystals, okawaru_gym_becter, portal_sewer_entry_e,
          serial_co_window_serial, co_window_of_opportunity_a,
          co_window_paths_a, co_window_of_opportunity_a, co_window_corner_a,
          co_window_corner_a, co_window_corner_a, co_window_of_opportunity_a,
          co_window_paths_a, co_window_of_opportunity_a, co_window_2corner,
          co_window_corner_b, co_window_of_opportunity_c, co_window_2corner,
          co_window_unsneaky_path_a, glass_columns_a, uniq_crazy_yiuf_cottage
Sewer:    sewer_minmay_w

Action                   |  1- 3 |  4- 6 || total
-------------------------+-------+-------++-------
Melee: Flail             |    71 |   169 ||   240
  Use: Potion            |       |     2 ||     2
  Eat: Chunk             |       |     5 ||     5
